Map: Ruins of Seras

Players

Chakra - Winner!

  • Race: Zerg Zerg
  • League: Diamond

LilDicky

  • Race: Terran Terran
  • League: Gold

VOD

http://www.twitch.tv/tumescentpie

Description

Time

  • Played on: Nov. 19, 2015, 10:24 p.m.
  • Length: 14:19
Show
View Real Time Build Order
Export as new Build Order

Chakra Zerg - Winner!

Build Orders: Hatch First, Lurkers 

Get SALT Encoding   

  12  0:01  Drone  
  13  0:12  Overlord  
  13  0:18  Drone  
  14  0:32  Drone x2  
  16  0:36  Drone  
  17  0:54  Hatchery  
  16  0:58  Drone  
  17  1:12  Spawning Pool  
  17  1:14  Drone  
  17  1:19  Drone  
  17  1:22  Drone  
  19  1:27  Extractor  
  19  1:31  Drone  
  19  1:39  Overlord  
  19  1:59  Queen  
  19  2:00  Zergling x2  
  22  2:02  Zergling x2  
  22  2:06  Queen  
  22  2:07  Drone  
  26  2:11  Drone  
  27  2:17  Drone  
  28  2:24  Drone  
  28  2:26  Metabolic Boost  
  28  2:29  Drone  
  30  2:32  Drone  
  31  2:40  Queen  
  33  2:45  Overlord  
  33  2:49  Drone  
  33  2:50  Drone  
  35  2:55  Drone  
  36  3:00  Overlord  
  36  3:11  Roach Warren, Queen  
  37  3:16  Drone  
  37  3:17  Drone  
  39  3:20  Drone  
  39  3:22  Drone  
  39  3:24  Drone  
  42  3:27  Drone  
  42  3:28  Drone  
  44  3:39  Drone x3  
  44  3:40  Drone  
  48  3:48  Lair  
  48  3:53  Roach x2  
  52  3:56  Overlord x2  
  52  4:00  Extractor  
  52  4:01  Extractor  
  50  4:08  Roach  
  51  4:16  Roach x2  
  51  4:17  Roach x2  
  59  4:21  Drone  
  59  4:22  Drone x3  
  63  4:25  Extractor  
  62  4:31  Baneling Nest  
  62  4:37  Drone x2  
  62  4:38  Drone x3  
  66  4:47  Hatchery  
  65  4:55  Ravager  
  65  4:57  Zergling x2  
  65  4:58  Zergling x2  
  68  5:00  Overlord x3  
  68  5:05  Spore Crawler  
  67  5:10  Ravager  
  68  5:20  Ravager  
  69  5:36  Hatchery  
  69  5:39  Drone x3  
  69  5:41  Drone x3  
  67  6:00  Roach x3  
  67  6:01  Roach x4  
  79  6:08  Drone x3  
  82  6:17  Spire  
  81  6:21  Evolution Chamber  
  81  6:22  Drone  
  81  6:23  Evolution Chamber, Drone x3  
  81  6:24  Drone  
  84  6:26  Queen  
  86  6:34  Overseer  
  86  6:38  Drone x3  
  89  6:44  Glial Reconstitution  
  89  6:49  Drone  
  89  6:50  Drone x6  
  96  6:55  Spore Crawler  
  96  6:58  Spine Crawler, Queen  
  96  7:09  Overlord x4  
  96  7:10  Overlord x3  
  96  7:19  Extractor  
  95  7:24  Queen  
  95  7:25  Extractor  
  95  7:26  Zerg Ground Armor Level 1  
  95  7:27  Zergling x4  
  95  7:28  Zergling x14  
  95  7:29  Zergling x6  
  108  7:35  Corruptor  
  110  7:54  Hatchery  
  109  8:05  Drone  
  110  8:06  Drone x15  
  125  8:22  Zerg Missile Weapons Level 1  
  125  8:26  Hydralisk Den  
  124  8:39  Infestation Pit  
  123  8:48  Roach x11  
  135  8:49  Roach x3  
  151  9:08  Lurker Den  
  151  9:10  Hydralisk x3  
  151  9:14  Overlord x4, Extractor  
  151  9:15  Overlord x2  
  156  9:17  Extractor  
  156  9:22  Zerg Ground Armor Level 2  
  155  9:27  Hive  
  155  9:29  Drone x3  
  158  10:05  Roach  
  158  10:06  Roach x17  
  158  10:07  Roach  
  196  10:09  Ravager x4  
  200  10:20  Overseer x3  
  200  10:21  Overseer x2  
  192  10:46  Zergling x18  
  195  10:53  Roach  
  195  10:54  Roach x12  
  194  11:01  Roach x4  
  179  11:12  Ravager x5  
  179  11:13  Ravager x14, Hydralisk  
  198  11:30  Hatchery  
  198  11:31  Hydralisk x2  
  192  12:08  Roach x8  
  183  12:21  Overlord x3  
  183  12:22  Overlord x3  
  183  12:24  Overseer  
  183  12:25  Overseer  
  183  12:35  Muscular Augments  
  183  12:40  Greater Spire  
  183  12:42  Ultralisk Cavern  
  175  12:58  Hydralisk  
  175  12:59  Hydralisk x11  
  175  13:04  Overlord x3  
  199  13:25  Spore Crawler  
  199  13:26  Spore Crawler  
  195  13:35  Spore Crawler  
  195  13:38  Spore Crawler  
  195  13:39  Spore Crawler  
  195  13:40  Spore Crawler  
  173  13:44  Spore Crawler  
  173  13:45  Viper x2  
  173  13:46  Viper x3, Roach  
  173  13:58  Lurker x6  
Show
View Real Time Build Order
Export as new Build Order

LilDicky Terran 

Build Orders: Command Center First (CC), Liberator Opening, Mech 

Get SALT Encoding   

  12  0:01  SCV  
  13  0:14  SCV  
  14  0:27  Supply Depot  
  14  0:30  SCV  
  15  0:49  SCV  
  16  1:01  SCV  
  17  1:05  Command Center  
  17  1:15  Barracks  
  17  1:18  SCV  
  18  1:35  SCV  
  19  1:45  Refinery x2  
  19  1:47  SCV  
  20  2:03  SCV  
  20  2:04  Marine  
  22  2:10  Bunker  
  23  2:22  Orbital Command  
  23  2:25  Orbital Command  
  23  2:27  Marine  
  23  2:37  Factory  
  23  2:45  Supply Depot  
  23  2:49  SCV  
  23  2:50  Barracks Reactor  
  24  2:51  SCV  
  25  3:01  SCV  
  25  3:03  SCV  
  27  3:13  SCV  
  27  3:16  SCV  
  29  3:24  Starport  
  29  3:29  SCV  
  29  3:33  Hellion x2  
  34  3:36  SCV, Armory  
  34  3:39  Marine  
  34  3:40  Refinery  
  34  3:41  SCV  
  37  3:48  SCV  
  38  3:51  Supply Depot  
  38  3:53  SCV  
  39  3:56  Hellion x2  
  39  3:57  Liberator  
  39  4:00  SCV  
  44  4:05  SCV  
  44  4:06  Marine  
  46  4:12  SCV  
  50  4:19  Supply Depot  
  50  4:20  Supply Depot  
  50  4:21  SCV  
  51  4:36  Hellion  
  53  4:39  SCV  
  53  4:40  SCV  
  53  4:41  Hellion  
  53  4:42  Barracks Tech Lab  
  57  4:45  Supply Depot  
  57  4:51  SCV  
  58  4:53  SCV  
  58  4:58  Liberator  
  59  5:16  SCV  
  59  5:17  SCV  
  59  5:20  Siege Tank  
  59  5:21  Marine x2  
  67  5:22  Engineering Bay  
  67  5:26  Supply Depot  
  69  5:28  SCV  
  70  5:38  SCV  
  70  5:41  Refinery  
  71  5:45  Factory  
  71  5:47  Factory  
  71  5:49  Liberator  
  71  5:51  Command Center  
  59  6:13  Marine x2  
  59  6:14  SCV  
  59  6:16  Supply Depot  
  62  6:24  SCV, Missile Turret  
  63  6:26  SCV  
  63  6:28  Missile Turret  
  63  6:29  Missile Turret, Terran Vehicle Weapons Level 1  
  63  6:31  Factory Tech Lab x2  
  64  6:33  Thor  
  64  6:34  Marine x2  
  64  6:36  SCV  
  64  6:38  SCV  
  74  6:45  Supply Depot  
  74  6:46  Supply Depot  
  74  6:48  SCV  
  74  6:49  Supply Depot  
  74  6:50  SCV  
  74  6:51  Missile Turret  
  74  6:52  Starport Reactor  
  76  6:58  Supply Depot  
  76  7:01  SCV  
  77  7:02  Thor, SCV  
  77  7:03  Supply Depot  
  84  7:08  Planetary Fortress  
  84  7:17  SCV x2  
  84  7:20  Supply Depot  
  84  7:22  Liberator  
  86  7:24  Thor  
  86  7:29  SCV, Thor  
  99  7:41  Refinery  
  99  7:43  Refinery  
  102  7:46  Supply Depot  
  102  7:48  Missile Turret  
  102  7:50  SCV, Missile Turret  
  103  7:52  SCV  
  103  7:53  Missile Turret  
  103  7:56  Siege Tank  
  107  8:06  SCV  
  107  8:07  SCV x2  
  110  8:18  SCV  
  110  8:19  Supply Depot  
  111  8:20  Supply Depot  
  111  8:21  SCV  
  112  8:27  Supply Depot  
  112  8:30  Supply Depot  
  112  8:31  Liberator  
  112  8:34  Infernal Pre-Igniter  
  112  8:41  Fusion Core  
  115  8:54  Command Center, Thor x2  
  127  8:56  Hellion x2  
  127  9:01  Supply Depot x2, SCV x2  
  133  9:06  Terran Vehicle And Ship Armor Level 1  
  133  9:10  Armory  
  133  9:12  Missile Turret  
  133  9:13  Missile Turret  
  133  9:17  Hellion x2  
  137  9:32  Missile Turret  
  137  9:34  Missile Turret  
  137  9:40  Advanced Ballistics, Missile Turret  
  137  9:43  Thor, Hellion  
  137  9:44  Hellion, Liberator  
  147  9:45  Refinery  
  147  9:47  Refinery  
  147  9:49  Missile Turret  
  147  10:03  Supply Depot  
  147  10:04  Terran Vehicle Weapons Level 2  
  150  10:14  Orbital Command  
  150  10:18  SCV x2  
  144  10:48  Banshee  
  89  11:13  Thor x2  
  89  11:14  Hellion x2  
  105  11:25  Factory x2  
  102  11:26  Factory  
  96  11:43  Marine x2  
  84  12:11  Thor x2, Factory Tech Lab  
  84  12:12  Factory Tech Lab x2  
  88  12:22  SCV x2  
  88  12:41  Command Center  
  86  12:48  Command Center  
  86  12:50  Command Center  
  85  12:54  Thor, Siege Tank  
  85  12:55  Thor x3  
  113  12:58  SCV  
  110  13:24  SCV x2  
  110  13:25  Thor  
  118  13:31  Hellion x2  
  120  13:37  Siege Tank  
Tags
 
Add a new tag
Caveats
  • Supply blocks, unpowered buildings, or Contaminate may cause inaccurate times.
  • Supply counts are checked every 10 seconds.